AoeStats
← 黑色的广告

Arabia

509144320Analyzed
1v1 RM · 5d ago on Sep 25, 2026· 27m 42s· 2 players
Game mode
Random Map
Map size
Tiny (2 player)
Population
200
Speed
Normal
Resources
Standard
Victory
Conquest
Starting age
Dark Age
Ending age
Imperial Age
RankedLock teamsTeams togetherTeam positionsShared explorationLock speedFull tech treeHidden civsTurbo modeCheats
Victory
Defeat
🇨🇳 Ethiopians · China
886
+18
🇩🇪 Teutons · Germany
923
-18
黑色的广告
3:02 Loom
7:05 Loom
9:30 Feudal Age
10:58 Double-Bit Axe
17:39 Horse Collar
18:42 Fletching
21:15 Castle Age
20:33 Scale Barding Armor
20:36 Gold Mining
21:30 Crossbowman
OKRU51
5:33 Loom
9:33 Feudal Age
10:33 Double-Bit Axe
11:58 Man-at-Arms
24:41 Fletching
Connection lost

Rejoining the realm…

Still unreachable

The connection could not be restored.

Session expired

The server has moved on; the page needs a fresh start.